 Dungeon Crawl Stone Soup version 0.31.0-1-g2c135a0 (webtiles) character file.

Game seed: 1165805623822440710

35 imblu the Cudgeller (level 3, 0/30 HPs)
             Began as an Armataur Berserker on Feb 10, 2024.
             Was a Follower of Trog.
             Succumbed to a scorpion's poison
             ... on level 4 of the Dungeon.
             The game lasted 00:03:19 (913 turns).

imblu the Cudgeller (Armataur Berserker)             Turns: 913, Time: 00:03:19

Health: 0/30       AC:  6    Str: 24    XL:     3   Next: 17%
Magic:  3/3        EV:  8    Int:  7    God:    Trog [*.....]
Gold:   30         SH:  0    Dex:  9    Spells: 2/2 levels left

rFire   . . .        a - +0 mace
rCold   . . .        (no shield)
rNeg    . . .        g - +0 scale mail
rPois   .            (no helmet)
rElec   .            (no cloak)
rCorr   .            (no gloves)
SInv    .            (no barding)
Will    .....        (no amulet) Stlth
                     (no ring)
HPRegen 0.25/turn    (no ring)
MPRegen 0.41/turn

%: roll
@: mighty, lethally poisoned (0 -> -18), silenced
A: large, deformed body, tough skin 3, armoured tail, roll 1
a: Renounce Religion


You were on level 4 of the Dungeon.
You worshipped Trog.
Trog was aware of your devotion.
You visited 1 branch of the dungeon, and saw 3 of its levels.

You collected 30 gold pieces.

Inventory:

Hand Weapons
 a - a +0 mace (weapon)
 e - a +1 spear of venom
Armour
 b - a +0 animal skin
 g - a +0 scale mail (worn)
Scrolls
 f - a scroll of immolation
 h - a scroll of poison {unknown}
 j - a scroll of teleportation {unknown}
 k - a scroll of vulnerability {unknown}
Potions
 i - a potion of curing
 l - a potion of mutation {unknown}
 m - a potion of heal wounds {unknown}


   Skills:
 - Level 2.6 Fighting
 + Level 3.9 Maces & Flails
 - Level 2.4 Armour
 - Level 1.3 Dodging


You had 2 spell levels left.
You didn't know any spells.
Your spell library was empty.

Dungeon Overview and Level Annotations

Branches:
Dungeon (2/15)

Altars:
Uskayaw


Innate Abilities, Weirdness & Mutations

Armour fits poorly on your strangely shaped body.
You have extremely tough skin. (AC +3)
You have a long armoured tail.
You regenerate magic when rolling toward enemies. (Rampage MPRegen)


Message History

Trog accepts your kill.
You see here a bat corpse.
A malevolent force fills the Dungeon...
You fall into a shaft and drop 2 floors!
The shaft crumbles and collapses.
You hear the hiss of flowing sand.
There is an entrance to an ossuary on this level.
Hurry and find it before the portal is buried!
Found 4 gold pieces.
As you read the scroll labelled ROODWUR ATEINK, it crumbles to dust.
The air around you briefly surges with heat, but it dissipates.
It was a scroll of immolation.
As you read the scroll labelled EPYRIROKEO, it crumbles to dust.
A profound silence engulfs you.
It was a scroll of silence.
Magic scrolls do not work when you're silenced!
You now have 30 gold pieces (gained 4).
A scorpion comes into view.
You roll towards the scorpion!
Okay, then.
You feel very mighty all of a sudden.
The scorpion stings you but does no damage.
You closely miss the scorpion. You tail-slap the scorpion.
The scorpion is moderately wounded.
The scorpion stings you.
You are poisoned.
The scorpion poisons you!
You sock the scorpion!
The scorpion is severely wounded.
You feel sick. The scorpion stings you.
You are more poisoned.
The scorpion poisons you! The scorpion stings you.
You are lethally poisoned!
The scorpion poisons you!
You barely miss the scorpion. You tail-slap the scorpion.
The scorpion is almost dead.
You feel extremely sick. The scorpion stings you.
* * * LOW HITPOINT WARNING * * *
You closely miss the scorpion.
The scorpion is almost dead.
You die...

... .s#
..##
###...#
#...#
#.###
#.# #s#
#@# #.#
#.#
#..#
#.##
##. #


You could see a scorpion.

Vanquished Creatures
  2 dart slugs (D:1)
  5 ball pythons
  3 endoplasms
  5 goblins (D:1)
  2 hobgoblins
  A jackal (D:1)
  2 kobolds (D:1)
  A quokka (D:1)
  3 bats
  2 frilled lizards
  3 rats (D:1)
29 creatures vanquished.

Notes
Turn   | Place    | Note
-------+----------+-------------------------------------------
     0 | D:1      | imblu the Armataur Berserker began the quest for the Orb.
     0 | D:1      | Reached XP level 1. HP: 18/18 MP: 1/1
    25 | D:1      | Reached skill level 3 in Maces & Flails
   106 | D:1      | Reached XP level 2. HP: 22/25 MP: 2/2
   550 | D:1      | Reached XP level 3. HP: 28/30 MP: 3/3
   816 | D:2      | Found a hide-covered altar of Uskayaw.
   892 | D:2      | You fall into a shaft and drop 2 floors!
   901 | D:4      | Noticed a scorpion
   913 | D:4      | Succumbed to a scorpion's poison

Illustrated notes

Levels and vault maps discovered:
D:1:      tarquinn_simple_flora_water_e, layout_basic, minmay_tetromino_i4
D:2:      layout_basic, basic_altar, hangedman_decor_growths, uniq_sigmund
D:4:      layout_loops_ring, gammafunk_temple_overflow_claw,
          nicolae_ossuary_entry_monument, minmay_a_box_with_orc_wizards_in_it

Skill      XL: |  1 |
---------------+----+-----
Maces & Flails | 3 |  3.9
Fighting       | |  2.6
Armour         | |  2.4
Dodging        | |  1.3

Action                     || total
---------------------------++-------
  Melee: Mace              ||    72
         Punch             ||     1
         Tailslap          ||     5
    Use: Scroll            ||     4
         Potion            ||     1
 Armour: Animal skin       ||    25
         Scale mail        ||    25
  Dodge: Dodged            ||    29
